 Dungeon Crawl Stone Soup version 0.27.1-33-g824d729ab1 (webtiles) character file.

Game seed: 1629899637231183040

52 barney the Changer (level 3, -2/28 HPs)
             Began as a Draconian Transmuter on Dec 20, 2021.
             Killed by nerve-wracking pain
             ... invoked by an orc priest
              (13 damage)
             ... on level 4 of the Dungeon.
             The game lasted 00:01:57 (3951 turns).

barney the Changer (Draconian Transmuter)           Turns: 3951, Time: 00:01:58

Health: -2/28      AC:  5    Str: 12    XL:     3   Next: 60%
Magic:  4/6        EV: 12    Int: 14    God:
Gold:   94         SH:  0    Dex: 11    Spells: 0/6 levels left

rFire    . . .     SeeInvis .   f - +2 dagger of Zugelis {venom, Will+}
rCold    . . .     Faith    .   (no shield)
rNeg     . . .     Spirit   .   (armour unavailable)
rPois    .         Reflect  .   (helmet currently unavailable)
rElec    .         Harm     .   (no cloak)
rCorr    .         Rampage  .   (no gloves)
Will     +....                  (boots currently unavailable)
Stlth    +.........             (no amulet)
HPRegen  0.09/turn              (no ring)
MPRegen  0.10/turn              (no ring)

@: appendages, wereblooded
A: horns 2, talons 2, AC +5, unfitting armour, cold-blooded
a: End Transformation


You were on level 4 of the Dungeon.
You had temporarily grown beastly horns and talons.
You visited 1 branch of the dungeon, and saw 4 of its levels.

You collected 94 gold pieces.

Inventory:

Hand Weapons
 f - the +2 dagger of Zugelis (weapon) {venom, Will+}
   (You found it on level 1 of the Dungeon)

   It poisons the flesh of those it strikes.
   Will:      It increases your willpower.
Jewellery
 a - a ring of ice
 d - a +6 ring of intelligence
Scrolls
 h - 2 scrolls of identify {unknown}
 i - 2 scrolls of teleportation {unknown}
Potions
 b - 2 potions of cancellation {unknown}
 c - 2 potions of might
 e - a potion of haste {unknown}
 g - a potion of flight {unknown}


   Skills:
 - Level 1.1 Fighting
 - Level 1.7 Dodging
 - Level 3.0 Unarmed Combat
 - Level 2.0 Spellcasting
 + Level 4.0 Transmutations


You couldn't memorise any spells.
You knew the following spells:

 Your Spells              Type           Power      Damage    Failure   Level
a - Beastly Appendage     Tmut           24%        N/A       4%          1
b - Spider Form           Tmut/Pois      3%         N/A       30%         3
c - Wereblood             Tmut           12%        N/A       7%          2

Your spell library contained the following spells:

 Spells                   Type           Power      Damage    Failure   Level
 Ozocubu's Armour         Ice            1%         N/A       56%         3
 Ice Form                 Ice/Tmut       7%         N/A       71%         4
 Blade Hands              Tmut           6%         N/A       77%         5
 Iron Shot                Conj/Erth      0%         9d1       100%        6
 Ozocubu's Refrigeration  Ice            0%         4d5       100%        7
 Animate Armour           Summ/Erth      Unusable   N/A       N/A         4

Dungeon Overview and Level Annotations

Branches:
Dungeon (4/15)
 Temple: D:4-7

Altars:
Ashenzari


Innate Abilities, Weirdness & Mutations

You have temporarily grown beastly horns and talons.
Your plain brown scales are hard. (AC +5)
You cannot fit into any form of body armour.
You are cold-blooded and may be slowed by cold attacks.


Message History

a +0 club; a +0 leather armour
Things that are here:
a +0 hand axe; a +0 leather armour
There is a stone staircase leading down here.
You climb downwards.
Found a stone staircase leading down.
There is a stone staircase leading up here.
An adder skeleton is nearby!
Unknown command.
An adder skeleton is nearby!
Casting: Wereblood (safe; 7% risk of failure)
Confirm with . or Enter, or press ? or * to list all spells.
Your blood is infused with primal strength.
Casting: Wereblood (safe; 7% risk of failure)
Confirm with . or Enter, or press ? or * to list all spells.
You grow a pair of large bovine horns.
Your feet morph into talons.
The adder skeleton closely misses you.
You barely miss the adder skeleton. The adder skeleton bites you.
You hit the adder skeleton. Your kick misses the adder skeleton.
You headbutt the adder skeleton! You tail-slap the adder skeleton.
You feel a bit better.
You destroy the adder skeleton!
An orc comes into view. It is wielding a +3 hand axe.
An orc is nearby!
An orc is nearby!
An orc priest and an orc wizard come into view.
The orc priest shouts!
The orc wizard shouts!
The orc wizard casts a spell at you.
The magic dart hits you. 2 orcs come into view.
The orc wizard mumbles some strange words.
The orc wizard flickers and vanishes!
Deactivating autopickup; reactivate with Ctrl-A.
The orc priest mumbles some strange prayers to Beogh against you.
Beogh smites you!
Ouch! That really hurt!
There is a stone staircase leading up here.
The orc priest mumbles some strange prayers to Beogh against you.
Pain shoots through your body!
You die...

##...# #.#...#...
......
.o#..##..#..
....##.#.........
.
..>...#......##..
...
#..o...........
....##............
..........o.....#
..........o....#
...##........@##
.# #........##
...........#
.............
##.#...#....#.#
.#...##....###
##.. #.#... ..
..##... ##. ...#


You could see an orc priest and 3 orcs.

Vanquished Creatures
  An adder skeleton (D:4)
  A worm (D:2)
  A dart slug (D:3)
  3 orcs (D:3)
  6 bats
  2 endoplasms
  4 giant cockroaches
  2 goblins
  6 hobgoblins
  3 kobolds
  3 ball pythons
  2 frilled lizards (D:1)
  4 rats (D:1)
38 creatures vanquished.

Notes
Turn   | Place    | Note
-------+----------+-------------------------------------------
     0 | D:1      | barney the Draconian Transmuter began the quest for the
                  | Orb.
     0 | D:1      | Reached XP level 1. HP: 16/16 MP: 3/3
   223 | D:1      | Reached XP level 2. HP: 15/23 MP: 3/5
   496 | D:1      | Found a faded altar of an unknown god.
   556 | D:1      | Reached skill level 3 in Transmutations
  1019 | D:1      | Identified the +2 dagger of Zugelis {venom, Will+}
  2349 | D:2      | Reached XP level 3. HP: 28/28 MP: 6/6
  2707 | D:3      | Found a broken altar of Ashenzari.
  2729 | D:3      | Learned a level 3 spell: Spider Form
  2732 | D:3      | Learned a level 2 spell: Wereblood
  3558 | D:3      | Reached skill level 4 in Transmutations
  3951 | D:4      | Killed from afar by an orc priest

Illustrated notes

Levels and vault maps discovered:
D:1:      dpeg_arrival_signposts, layout_rooms,
          ebering_ecumenical_altar_petrified, corexii_corridor_pit, minivault_5,
          chequers_serial_rivers_micro_a
D:2:      layout_basic, kennysheep_donut
D:3:      layout_loops_corners, ashenzari_altar_1, serial_co_window_serial,
          co_window_paths_a, co_window_corner_a, co_window_of_opportunity_a,
          co_window_paths_b, co_window_paths_a, co_window_corner_b,
          co_window_of_opportunity_c, co_window_unsneaky_path_d,
          co_window_broadway_c, co_window_unsneaky_path_b, glass_columns_a,
          nrook_campfire, minivault_25, minmay_fountain_box,
          minmay_misc_feat_hallway
D:4:      layout_cave_pools, overflow_temple_1_default

Skill      XL: |  1  2  3 |
---------------+----------+-----
Transmutations | 3 4 |  4.0
Fighting       | |  1.1
Dodging        | |  1.7
Unarmed Combat | |  3.0
Spellcasting   | |  2.0

Action                   || total
-------------------------++-------
Melee: Unarmed           ||    27
       Kick              ||     6
       Tailslap          ||    12
       Headbutt          ||     3
       Short sword       ||    37
       Dagger            ||    40
       Punch             ||     1
 Cast: Beastly Appendage ||    11
       Wereblood         ||     3
       Spider Form       ||     2
  Use: Potion            ||     1
 Stab: Sleeping          ||     1
Armor: Skin              ||    39
Dodge: Dodged            ||    76
